 Dungeon Crawl Stone Soup version 0.26-a0-639-g72c4674329 (webtiles) character file.

Game seed: 15934221839235947558

1208 Gottschkopf the Martial Artist (level 8, -3/53 HPs)
             Began as a Black Draconian Transmuter on Sept 14, 2020.
             Was a Follower of Cheibriados.
             Killed by divine providence
             ... invoked by an orc priest
              (11 damage)
             ... on level 6 of the Dungeon on Sept 15, 2020.
             The game lasted 00:16:20 (6083 turns).

Gottschkopf the Martial Artist (DrTm)               Turns: 6083, Time: 00:16:20

Health: -3/53      AC: 12    Str: 15      XL:     8   Next: 21%
Magic:  8/11       EV: 14    Int: 21      God:    Cheibriados [*.....]
Gold:   255        SH:  0    Dex: 13 (15) Spells: 5/11 levels left

rFire    . . .     SeeInvis .     - Unarmed
rCold    . . .     Faith    .   (no shield)
rNeg     . . .     Spirit   .   (armour unavailable)
rPois    +         Reflect  .   (helmet restricted)
rElec    +         Harm     .   s - +1 cloak {rPois}
rCorr    .         Rampage  .   (no gloves)
MR       .....                  (no boots)
Stlth    +.........             (no amulet)
HPRegen  0.17/turn              a - +6 ring of intelligence
MPRegen  0.12/turn              z - +4 ring of protection

@: wereblooded, studying Dodging, very slow
A: breathe lightning, unfitting armour, dopey 2, frail 1, electricity
resistance, cold-blooded, AC +6
a: Breathe Lightning, Bend Time, Renounce Religion


You were on level 6 of the Dungeon.
You worshipped Cheibriados.
Cheibriados was aware of your devotion.
You visited 2 branches of the dungeon, and saw 7 of its levels.

You collected 255 gold pieces.

Inventory:

Armour
 s - a +1 cloak of poison resistance (worn)
 u - a +0 buckler
Jewellery
 a - a +6 ring of intelligence (left hand)
 k - an uncursed ring of fire
 m - an uncursed ring of protection from fire
 z - a +4 ring of protection (right hand)
Wands
 b - a wand of paralysis (8)
 v - a wand of polymorph (7)
Scrolls
 f - a scroll of amnesia
 j - 3 scrolls of remove curse
 o - 5 scrolls of identify
 q - 2 scrolls of enchant weapon
 r - a scroll of enchant armour {unknown}
 t - 3 scrolls of teleportation
 y - a scroll of blinking {unknown}
Potions
 c - a potion of lignification {unknown}
 d - a potion of flight
 e - a potion of mutation {unknown}
 g - 3 potions of curing
 h - 3 potions of heal wounds {unknown}
 i - a potion of resistance {unknown}
 n - a potion of stabbing {unknown}
 p - a potion of degeneration {unknown}
 w - a potion of haste {unknown}
Books
 x - a manual of Dodging


   Skills:
 - Level 1.1 Fighting
 + Level 3.8 Dodging
 + Level 1.7 Shields
 + Level 8.2 Unarmed Combat
 - Level 2.0 Spellcasting
 - Level 5.0 Transmutations
 - Level 1.7 Poison Magic


You had 5 spell levels left.
You knew the following spells:

 Your Spells              Type           Power        Failure   Level
a - Beastly Appendage     Tmut           ###...       1%          1
b - Spider Form           Tmut/Pois      ###.......   11%         3
c - Wereblood             Tmut           ###.....     2%          2

Your spell library contained the following spells:

 Spells                   Type           Power        Failure   Level
 Ice Form                 Ice/Tmut       ##......     45%         4
 Blade Hands              Tmut           ###.......   45%         5


Dungeon Overview and Level Annotations

Branches:
Dungeon (6/15)             Temple (1/1) D:4

Altars:
Cheibriados
Dithmenos
Elyvilon
Fedhas
Gozag
Hepliaklqana
Kikubaaqudgha
Makhleb
Nemelex Xobeh
Okawaru
Qazlal
Ru
Sif Muna
Vehumet
Wu Jian
Xom
Yredelemnul
Zin
The Shining One

Shops:
D:4 :


Innate Abilities, Weirdness & Mutations

You can breathe wild blasts of lightning.
Your glossy black scales are hard. (AC +6)
You cannot fit into any form of body armour.
You are resistant to electric shocks. (rElec)
You are cold-blooded and may be slowed by cold attacks.
You are very dopey. (Int -4)
You are frail. (-10% HP)


Message History

Something hits you but does no damage.
You can't go down here!
You completely miss something. You tail-slap something.
The orc priest barely misses you. The orc hits you with a +0 mace.
* * * LOW HITPOINT WARNING * * *
The orc priest hits you but does no damage.
Something hits you but does no damage.
You're too confused!
You closely miss the orc priest.
The orc priest hits you from afar with a +0 trident.
* * * LOW HITPOINT WARNING * * *
The orc closely misses you.
The orc priest hits you but does no damage.
Something hits you.
* * * LOW HITPOINT WARNING * * *
There is a stone staircase leading down here.
You feel less confused.
The orc priest calls down the wrath of Beogh upon you.
Beogh smites you!
You die...

#
#####'##.#........##.....
#.##.#.#####+###.....
#......#...... #.....
##...###......
#............
#.$o..#..... ##oa#.# ...
#o.#)# # #o@#.# ##.#.#
###.. ####


You could see a worker ant, 2 orc priests and 2 orcs.

Vanquished Creatures
  A sky beast (D:5)
  An orc warrior (D:6)
  An ogre (D:5)
  A phantom (D:4)
  4 centaurs
  A howler monkey (D:4)
  3 hounds
  A bullfrog zombie (D:5)
  A centaur skeleton (D:6)
  2 iguanas (D:5)
  2 orc wizards
  A worker ant (D:4)
  4 gnolls (D:3)
  7 adders
  A white imp (D:5)
  An ooze (D:1)
  An adder skeleton (D:5)
  A worm (D:2)
  2 dart slugs
  10 leopard geckos
  8 orcs
  3 giant cockroaches
  6 goblins
  6 hobgoblins
  16 jackals
  A quokka (D:5)
  A ball python (D:2)
  3 bats
  6 frilled lizards
  5 kobolds
  5 rats
106 creatures vanquished.

Vanquished Creatures (others)
  A kobold (D:3)
1 creature vanquished.

Grand Total: 107 creatures vanquished

Notes
Turn   | Place    | Note
-------+----------+-------------------------------------------
     0 | D:1      | Gottschkopf the Draconian Transmuter began the quest for
                  | the Orb.
     0 | D:1      | Reached XP level 1. HP: 16/16 MP: 3/3
   225 | D:1      | Reached XP level 2. HP: 23/23 MP: 3/5
   586 | D:1      | Reached skill level 4 in Unarmed Combat
   990 | D:1      | Reached XP level 3. HP: 26/28 MP: 4/6
   995 | D:1      | Learned a level 3 spell: Spider Form
  1279 | D:2      | Learned a level 2 spell: Wereblood
  1388 | D:2      | Reached skill level 1 in Poison Magic
  1529 | D:2      | Reached XP level 4. HP: 25/35 MP: 3/7
  2190 | D:3      | Noticed a centaur
  2206 | D:3      | Killed a centaur
  2206 | D:3      | Reached XP level 5. HP: 9/40 MP: 2/8
  2537 | D:3      | Found a faded altar of an unknown god.
  2553 | D:3      | Became a worshipper of Xom the Random
  2568 | D:3      | XOM: silly message
  2674 | D:3      | Upgraded the game from 0.26-a0-638-gcca6ad1b57 to
                  | 0.26-a0-639-g72c4674329
  2690 | D:3      | XOM: silly message
  2792 | D:3      | Reached skill level 5 in Transmutations
  3120 | D:3      | Found an ornate altar of the Wu Jian Council.
  3122 | D:3      | Found a sacrificial altar of Ru.
  3161 | D:3      | Reached XP level 6. HP: 45/47 MP: 5/9
  3181 | D:3      | XOM: silly message
  3266 | D:4      | XOM: silly message
  3269 | D:4      | Found a staircase to the Ecumenical Temple.
  3279 | D:4      | Fell from the grace of Xom
  3281 | Temple   | Entered the Ecumenical Temple
  3487 | Temple   | Became a worshipper of Cheibriados the Contemplative
  4077 | D:4      | Reached skill level 5 in Unarmed Combat
  4337 | D:4      | XOM: noise
  4379 | D:4      | Found Luvu Ilu's Book Boutique.
  4548 | D:5      | Entered Level 5 of the Dungeon
  4577 | D:5      | Reached skill level 6 in Unarmed Combat
  4577 | D:5      | Your scales start taking on a glossy black colour.
  4577 | D:5      | Reached XP level 7. HP: 50/52 MP: 6/10
  4577 | D:5      | Gained mutation: You are resistant to electric shocks.
                  | (rElec) [Black Draconian growth]
  4714 | D:5      | Found a blossoming altar of Fedhas.
  4965 | D:5      | Reached skill level 7 in Unarmed Combat
  5167 | D:5      | Reached * piety under Cheibriados
  5167 | D:5      | Reached skill level 8 in Unarmed Combat
  5259 | D:5      | XOM: give mutations
  5259 | D:5      | Gained mutation: You are dopey. (Int -2) [Xom's mischief]
  5259 | D:5      | Gained mutation: You are very dopey. (Int -4) [Xom's
                  | mischief]
  5259 | D:5      | Gained mutation: Your body sometimes deteriorates upon
                  | taking damage. [Xom's mischief]
  5259 | D:5      | Gained mutation: You are frail. (-10% HP) [Xom's mischief]
  5276 | D:5      | Reached XP level 8. HP: 39/53 MP: 7/11
  5284 | D:5      | XOM: summons 5 hostile demons
  5467 | D:4      | XOM: give mutation
  5467 | D:4      | Lost mutation: Your body sometimes deteriorates upon taking
                  | damage. [Xom's mischief]
  5776 | D:5      | Found a stormy altar of Qazlal.
  5776 | D:5      | Found a glowing golden altar of the Shining One.
  5781 | D:5      | Found a faded altar of an unknown god.
  5783 | D:5      | Found a shimmering blue altar of Sif Muna.
  5784 | D:5      | Found a faded altar of an unknown god.
  5910 | D:6      | Reached skill level 1 in Shields
  6083 | D:6      | Killed from afar by an orc priest

Illustrated notes

Levels and vault maps discovered:
D:1:      minmay_arrival_hallway, layout_loops_ring
D:2:      layout_rooms
D:3:      layout_rooms, nicolae_overflow_hidden_temple,
          chequers_ecumenical_altar_simple_redux
D:4:      layout_rooms, temple_statues, serial_shops, shop
D:5:      layout_loops_cross, kennysheep_little_box,
          chequers_temple_overflow_minitemple, minmay_manual_mares
D:6:      minmay_general_purpose_star, layout_basic
Temple:   nicolae_temple_figure_eight

Skill      XL: |  1  2  3  4  5  6  7  8 |
---------------+-------------------------+-----
Unarmed Combat | 4 6 8 |  8.2
Poison Magic   | 1 |  1.7
Transmutations | 4 5 |  5.0
Dodging        | 2 3 |  3.8
Shields        | 1 |  1.7
Fighting       | |  1.1
Spellcasting   | |  2.0

Action                   |  1- 3 |  4- 6 |  7- 9 || total
-------------------------+-------+-------+-------++-------
Melee: Unarmed           |   108 |   172 |    96 ||   376
       Kick              |     9 |    24 |    12 ||    45
       Headbutt          |     4 |    14 |     3 ||    21
       Tailslap          |     3 |    13 |     4 ||    20
       Punch             |       |     2 |       ||     2
 Cast: Beastly Appendage |    20 |    22 |    14 ||    56
       Spider Form       |     2 |     5 |     8 ||    15
       Wereblood         |     1 |     3 |     2 ||     6
Invok: Renounce Religion |       |     1 |       ||     1
  Use: Scroll            |       |       |     7 ||     7
       Potion            |       |       |     2 ||     2
 Stab: Sleeping          |     1 |       |     1 ||     2
Armor: Skin              |    31 |    47 |    33 ||   111
Dodge: Dodged            |    80 |   131 |   121 ||   332

Table legend: (Time is in decaauts)
 A = Elapsed time spent in this place.
 B = Non-inter-level travel time spent in this place.
 C = Inter-level travel time spent in this place.
 D = Time resting spent in this place.
 E = Time spent auto-exploring this place.
 F = Levels seen in this place.
 G = Mean time per level.
                   A        B        C        D        E       F      G
               +--------+--------+--------+--------+--------+-----+--------+
         Total |   6399 |   6340 |     59 |   1102 |   4150 |   7 |  914.1 |
       Dungeon |   6178 |   6119 |     59 |   1102 |   3968 |   6 | 1029.7 |
        Temple |    221 |    221 |      0 |      0 |    182 |   1 |  221.0 |
               +--------+--------+--------+--------+--------+-----+--------+

Top non-repeatable levels by time:
     D:3: 1371 daAuts
     D:5: 1270 daAuts
     D:1: 1178 daAuts
     D:2: 1099 daAuts
     D:4: 1009 daAuts
     D:6: 249 daAuts
  Temple: 221 daAuts
